cohdb
Replays
Latest Replays
All Replays
Popular Replays
Top Player Replays
Match Explorer
How It Works
Community
CoH3 Stats
Reddit
Sign in to upload your games and track your stats! →
Sign in with Steam
Match 38321367
Unlisted
Match 38321367
Overview
Messages
Build Orders
End
Vickers Machine Gun Team
Construct Section Command Post
Selects Indian Artillery Battlegroup
Infantry Section
Dingo Light Scout Car
Infantry Section
Construct Platoon Command Post
Selects Artillery Saturation
Humber Armored Car
Construct Field Infirmary
Selects Valour
Unlock M3 Stuart Light Tanks
CMP 15cwt Truck
6-pounder Anti-tank Gun Team
M3 Stuart Light Tank
Infantry Section
6-pounder Anti-tank Gun Team
Vickers Machine Gun Team
M3 Stuart Light Tank
X
ЛЕГАТ
Guibean
foot1332
PayPerPaper
KokiGer
DrEvil85
East Flow
0
0
Comments
sign in to comment!
No comments posted yet!